 Dungeon Crawl Stone Soup version 0.30-a0-394-g3e4acdb0ae (webtiles) character file.

Game seed: 9520416343527082979

76 timneilson the Covered (level 4, -3/29 HPs)
             Began as a Gargoyle Fighter on Dec 7, 2022.
             Killed from afar by a white imp (5 damage)
             ... with a puff of frost
             ... summoned by Natasha
             ... on level 3 of the Dungeon.
             The game lasted 00:01:45 (1552 turns).

timneilson the Covered (Gargoyle Fighter)           Turns: 1552, Time: 00:01:46

Health: -3/29      AC: 13    Str: 22    XL:     4   Next: 32%
Magic:  0/4        EV:  7    Int:  8    God:
Gold:   64         SH:  5    Dex:  9    Spells: 3/3 levels left

rFire   . . .      SeeInvis .    a - +0 long sword
rCold   . . .      Faith    .    c - +1 buckler
rNeg    + . .      Spirit   +    f - +0 chain mail
rPois   ∞          Reflect  .    (no helmet)
rElec   +          Harm     .    (no cloak)
rCorr   .          Rampage  .    (no gloves)
Will    .....                    (no boots)
Stlth   ..........               j - amulet of guardian spirit
HPRegen 0.24/turn                (no ring)
MPRegen 0.09/turn                (no ring)

@: no status effects
A: sickness immunity, AC +3, negative energy resistance 1, electricity
resistance, torment resistance 1, petrification resistance
a: no special abilities


You were on level 3 of the Dungeon.
You visited 1 branch of the dungeon, and saw 3 of its levels.

You collected 64 gold pieces.

Inventory:

Hand Weapons
 a - a +0 long sword (weapon)
Armour
 c - a +1 buckler (worn)
 f - a +0 chain mail (worn)
Jewellery
 j - an amulet of guardian spirit (around neck)
Potions
 d - 2 potions of might
 e - 2 potions of heal wounds
 h - a potion of ambrosia


   Skills:
 + Level 3.7 Fighting
 * Level 2.5 Long Blades
 * Level 3.9 Armour
 + Level 0.7 Dodging
 * Level 3.9 Shields


You had 3 spell levels left.
You didn't know any spells.
Your spell library contained the following spells:

 Spells                   Type           Power      Damage    Failure   Level
 Summon Ice Beast         Ice/Summ       0%         N/A       100%        4
 Summon Mana Viper        Hex/Summ       0%         N/A       100%        5
 Monstrous Menagerie      Summ           0%         N/A       100%        7


Dungeon Overview and Level Annotations

Branches:
Dungeon (3/15)

Altars:

Annotations:
D:3 Natasha


Innate Abilities, Weirdness & Mutations

You are immune to sickness and miasma.
Your stone body is resilient. (AC +3)
You are immune to poison.
You resist negative energy. (rN+)
You are resistant to electric shocks. (rElec)
You are resistant to unholy torment.
You are immune to petrification.


Message History

You kill the kobold!
No target in view!
No target in view!
No target in view!
No target in view!
No target in view!
No target in view!
No target in view!
No target in view!
No target in view!
No target in view!
No target in view!
No target in view!
No target in view!
No target in view!
No target in view!
Things that are here:
a +0 whip; 8 poisoned darts Natasha, Servant of Life and Death comes into view.
She is carrying a wand of quicksilver (8).
Natasha hisses angrily.
Natasha zaps a wand.
The bolt of dispelling energy hits you!
Natasha zaps a wand.
The bolt of dispelling energy hits you!
* * * LOW HITPOINT WARNING * * *
You hit Natasha but do no damage.
Natasha zaps a wand.
The bolt of dispelling energy hits you but does no damage.
Natasha mumbles some strange words.
You hit Natasha.
Natasha is heavily wounded.
Natasha mumbles some strange words.
You hit Natasha but do no damage.
Natasha is heavily wounded.
Natasha claws you but does no damage. You block the white imp's attack.
You closely miss Natasha.
Natasha is heavily wounded.
Natasha mumbles some strange words.
The shadow imp hits you.
* * * LOW HITPOINT WARNING * * *
The white imp gestures at you. The puff of frost hits you.
You die...

#. .# ###.##### ### #. #
.......# #.... #.
...##.# #.#.# #.#
#..##.# ##.#.#
#...#..##.# ....##
###...#..##.####5...####
................@h5....'
#...#..#######.5..####
##.......# #.#.##
#...).#.# ......
#.##.##.# #.###.#
#.##.##.# #.# .#
#.##.##.# #.# #
####.##.##.# #.#
...........#


You could see Natasha, a crimson imp (summoned), a white imp (summoned) and a
shadow imp (summoned).

Vanquished Creatures
  Jessica (D:2)
  Natasha (D:3)
  2 worms (D:2)
  2 endoplasms (D:2)
  A goblin (D:2)
  2 hobgoblins
  2 jackals (D:2)
  A quokka (D:1)
  A ball python (D:2)
  A bat (D:2)
  2 frilled lizards
  4 kobolds
20 creatures vanquished.

Notes
Turn   | Place    | Note
-------+----------+-------------------------------------------
     0 | D:1      | timneilson the Gargoyle Fighter began the quest for the
                  | Orb.
     0 | D:1      | Reached XP level 1. HP: 14/14 MP: 1/1
   672 | D:2      | Reached XP level 2. HP: 18/19 MP: 2/2
  1104 | D:2      | Noticed Jessica
  1112 | D:2      | Killed Jessica
  1113 | D:2      | Reached XP level 3. HP: 23/23 MP: 3/3
  1451 | D:3      | Noticed Natasha
  1467 | D:3      | Killed Natasha
  1468 | D:3      | Reached XP level 4. HP: 14/29 MP: 1/4
  1544 | D:3      | Noticed Natasha
  1552 | D:3      | Killed from afar by a white imp

Illustrated notes

Levels and vault maps discovered:
D:1:      dpeg_arrival_radiant, layout_loops_cross
D:2:      minmay_alternating_diamond, layout_loops_ring, uniq_jessica
D:3:      layout_loops_corners, uniq_natasha

Skill      XL: |  1 |
---------------+----+-----
Long Blades    | 2 |  2.5
Fighting       | |  3.7
Armour         | |  3.9
Dodging        | |  0.7
Shields        | |  3.9

Action                   |  1- 3 |  4- 6 || total
-------------------------+-------+-------++-------
Melee: Long sword        |   114 |     6 ||   120
  Use: Scroll            |     5 |       ||     5
Armor: Chain mail        |    67 |     3 ||    70
       Scale mail        |     4 |       ||     4
Dodge: Dodged            |    40 |       ||    40
Block: Buckler           |    17 |     2 ||    19

Table legend: (Time is in decaauts)
 A = Elapsed time spent in this place.
 B = Non-inter-level travel time spent in this place.
 C = Inter-level travel time spent in this place.
 D = Time resting spent in this place.
 E = Time spent auto-exploring this place.
 F = Levels seen in this place.
 G = Mean time per level.
                   A        B        C        D        E       F      G
               +--------+--------+--------+--------+--------+-----+--------+
         Total |   1596 |   1553 |     43 |     59 |   1191 |   3 |  532.0 |
       Dungeon |   1596 |   1553 |     43 |     59 |   1191 |   3 |  532.0 |
               +--------+--------+--------+--------+--------+-----+--------+

Top non-repeatable levels by time:
     D:2: 811 daAuts
     D:1: 671 daAuts
     D:3: 113 daAuts
